Description

Got a fresh build from the most recent replay of clem vs MaxPax

Replay - Oceanborn_LE_32

Build Order

Get SALT Encoding   

  12  0:00  SCV  
  13  0:12  SCV  
  14  0:17  Supply Depot  
  14  0:24  SCV  
  15  0:38  SCV  
  15  0:40  Barracks  
  16  0:44  Refinery  
  16  0:50  SCV  
  16  0:52  Refinery  
  16  1:03  SCV  
  17  1:15  SCV  
  18  1:31  Orbital Command, Reaper  
  19  1:33  Supply Depot  
  19  1:42  Factory  
  19  1:56  SCV  
  20  2:08  SCV  
  20  2:09  Barracks Reactor  
  21  2:20  SCV  
  22  2:25  Command Center  
  24  2:31  Starport  
  23  2:44  Widow Mine  
  25  2:46  Marine x2  
  25  2:47  Supply Depot  
  28  3:04  Marine x2  
  30  3:09  Widow Mine  
  30  3:12  Medivac  
  36  3:23  Marine x2  
  38  3:38  Orbital Command  
  41  3:42  Barracks  
  41  3:45  Starport Tech Lab, Factory Tech Lab  
  41  3:46  Marine x2  
  42  3:57  Orbital Command, Supply Depot  
  43  4:06  Siege Tank  
  46  4:12  Raven  
  49  4:17  Marine x2  
  54  4:31  Barracks  
  54  4:35  Supply Depot  
  58  4:49  Siege Tank  
  62  5:02  Refinery  
  62  5:04  Bunker  
  64  5:20  Marauder  
  69  5:26  Siege Tank  
  73  5:28  Stimpack  
  73  5:41  Engineering Bay  
  75  5:43  Marauder  
  79  5:57  Starport Reactor  
  81  6:05  Marauder x2  
  81  6:06  Factory Reactor  
  81  6:09  Refinery  
  81  6:11  Combat Shield  
  85  6:16  Terran Infantry Weapons Level 1  
  89  6:29  Marauder  
  92  6:34  Medivac  
  92  6:39  Medivac  
  96  6:42  Marauder  
  96  6:44  Widow Mine x2  
  102  6:51  Command Center  
  102  6:56  Marauder  
  106  7:07  Widow Mine  
  108  7:08  Concussive Shells  
  108  7:09  Medivac  
  108  7:14  Marauder  
  112  7:20  Medivac  
  112  7:21  Marauder  
  122  7:30  Widow Mine x2  
  122  7:33  Barracks x3  
  124  7:44  Armory  
  124  7:47  Medivac  
  124  7:50  Marauder  
  128  7:53  Widow Mine x2  
  134  8:07  Orbital Command  
  138  8:18  Widow Mine  
  138  8:19  Medivac x2  
  145  8:26  Barracks Tech Lab x2  
  129  9:44  Orbital Command  
  132  9:47  Viking  
  138  9:59  Viking  
Spawning Tool Build Advisor. Get it on Overwolf

Go to:

Details

  • Created by: jayfurzy
  • Published on: Nov 04, 2023
  • Modified on: Nov 04, 2023
  • Patch: 5.0.11
  • Difficulty: Hard
Show
View Real Time Build Order
Export as new Build Order

Comments (0)

There are no comments. Be the first!

Create an account to comment!